 Dungeon Crawl Stone Soup version 0.20.1-1-g8b1a95d (webtiles) character file.

5023 tidbits the Martial Artist (level 10, 0/80 (81) HPs)
             Began as a Demigod Transmuter on Aug 20, 2017.
             Killed from afar by a guardian serpent (24 damage)
             ... with a bolt of poison
             ... on level 10 of the Dungeon.
             The game lasted 00:43:59 (4250 turns).

tidbits the Martial Artist (Demigod Transmuter)     Turns: 4250, Time: 00:44:00

HP:   0/80 (81)     AC:  2    Str: 13    XL:     10   Next: 9%
MP:   3/17          EV: 19    Int: 23    God:
Gold: 314           SH:  0    Dex: 21    Spells: 3/14 levels left

rFire    . . .     SeeInvis +     - Unarmed
rCold    . . .     Gourm    .   (shield currently unavailable)
rNeg     + . .     Faith    .   (armour currently unavailable)
rPois    x         Spirit   .   (helmet currently unavailable)
rElec    .         Reflect  .   (cloak currently unavailable)
rCorr    .         Harm     .   (gloves currently unavailable)
MR       +....                  (boots currently unavailable)
Stlth    ++........             R - amulet of regeneration
Regen    0.7/turn               I - ring of see invisible
MPRegen  0.2/turn               x - ring of positive energy

@: lethally poisoned (0 -> -11), spider-form, very slightly contaminated
A: high mp 1
a: End Transformation


You were on level 10 of the Dungeon.
You were very hungry.
You were a venomous arachnid creature.
You visited 1 branch of the dungeon, and saw 11 of its levels.

You collected 314 gold pieces.

Inventory:

Hand Weapons
 f - a +1 short sword of protection
   (You took it off a kobold on level 1 of the Dungeon)
Missiles
 a - 50 arrows
 J - 2 throwing nets (quivered) {!f}
Armour
 y - the +5 ring mail "Extug" {rC+++ rCorr MP-9 Int+7}
   (You found it on level 5 of the Dungeon)

   It affects your intelligence (+7).
   It renders you almost immune to cold.
   It affects your magic capacity (-9).
   It protects you from acid and corrosion.
 B - a +0 robe (melded)
 F - the +3 pair of boots of Mowohyoj (melded) {rN+}
   (You found it on level 4 of the Dungeon)

   It protects you from negative energy.
 K - a +0 shield
Jewellery
 x - a ring of positive energy (right front leg)
   (You found it on level 5 of the Dungeon)
 C - an uncursed amulet of magic regeneration {unknown}
   (You found it on level 7 of the Dungeon)
 G - an uncursed amulet of faith {unknown}
   (You found it on level 9 of the Dungeon)
 I - a ring of see invisible (left front leg)
   (You found it on level 5 of the Dungeon)
 R - an amulet of regeneration (around neck)
   (You found it on level 1 of the Dungeon)
Wands
 z - a wand of flame (37/48)
 A - a wand of flame (16/48)
Scrolls
 h - 3 scrolls of recharging {unknown}
 j - 4 scrolls of teleportation
 k - a scroll of enchant armour {unknown}
 m - 6 scrolls of magic mapping
 o - 2 scrolls of amnesia {unknown}
 p - 2 scrolls of fog {unknown}
 r - 3 scrolls of remove curse
 s - a scroll of enchant weapon {unknown}
 t - 3 scrolls of immolation {unknown}
Potions
 b - a potion of resistance
 e - 2 potions of magic
 g - 2 potions of cancellation
 l - 3 potions of flight
 q - a potion of curing
 u - a potion of ambrosia {unknown}
 w - 2 potions of brilliance
 H - a potion of might {unknown}
Books
 c - a book of Changes

   Spells                             Type                      Level
   a - Beastly Appendage              Transmutation                1
   b - Sticks to Snakes               Transmutation                2
   c - Spider Form                    Transmutation/Poison         3
   d - Ice Form                       Ice/Transmutation            4
   e - Blade Hands                    Transmutation                5
 i - a book of the Dragon
   (You found it on level 5 of the Dungeon)

   Spells                             Type                      Level
   a - Flame Tongue                   Conjuration/Fire             1
   b - Cause Fear                     Hexes                        4
   c - Bolt of Fire                   Conjuration/Fire             6
   d - Dragon Form                    Transmutation                7
   e - Dragon's Call                  Summoning                    9
 D - a book of Enchantments
   (You found it on level 7 of the Dungeon)

   Spells                             Type                      Level
   a - Cause Fear                     Hexes                        4
   b - Yara's Violent Unravelling     Hexes/Transmutation          5
   c - Silence                        Hexes/Air                    5
   d - Deflect Missiles               Charms/Air                   6
   e - Discord                        Hexes                        8
 E - a book of Maledictions
   (You found it on level 7 of the Dungeon)

   Spells                             Type                      Level
   a - Corona                         Hexes                        1
   b - Ensorcelled Hibernation        Hexes/Ice                    2
   c - Confuse                        Hexes                        3
   d - Tukima's Dance                 Hexes                        3
   e - Dazzling Spray                 Conjuration/Hexes            3
Comestibles
 d - 6 bread rations
 v - 4 meat rations
 L - a royal jelly


   Skills:
 + Level 5.1 Fighting
 + Level 1.7 Dodging
 - Level 10.0 Unarmed Combat
 - Level 2.8 Spellcasting
 + Level 8.6 Transmutations


You had 3 spell levels left.
You knew the following spells:

 Your Spells              Type           Power        Failure   Level  Hunger
e - Beastly Appendage     Tmut           #####.       3%          1    None
h - Blade Hands           Tmut           #####.....   24%         5    ######.
k - Sticks to Snakes      Tmut           #####...     3%          2    ##.....
p - Spider Form           Tmut/Pois      ###.......   17%         3    ###....


Dungeon Overview and Level Annotations

Branches:
Dungeon (11/15)            Temple (0/1) D:6
   Lair: D:8-11         Orc: D:9-12

Shops:
D:6 (


Innate Abilities, Weirdness & Mutations

You have an increased reservoir of magic. (+10% MP)


Message History

Your ball python bites the centaur warrior zombie but does no damage.
You slash the centaur warrior zombie!
The centaur warrior zombie is almost destroyed.
The centaur warrior zombie hits you.
Your ball python bites the centaur warrior zombie.
Your ball python bites the centaur warrior zombie but does no damage.
You hit the centaur warrior zombie.
The centaur warrior zombie is almost destroyed.
Your ball python bites the centaur warrior zombie but does no damage.
The centaur warrior zombie closely misses your ball python.
Your ball python bites the centaur warrior zombie but does no damage.
You hit the centaur warrior zombie.
The centaur warrior zombie is almost destroyed.
The centaur warrior zombie hits you but does no damage.
Your ball python bites the centaur warrior zombie but does no damage. x2
You slash the centaur warrior zombie!
You destroy the centaur warrior zombie!
Your Fighting skill increases to level 5!
Your ball python withers and dies!
Your hands revert to their normal proportions.
There is a stone staircase leading down here.
You climb downwards.
Your summoned ally is left behind.
A shadow imp and a skeleton come into view.
Found 13 stones, a scale mail and 22 sling bullets.
There is a stone staircase leading up here.
Casting: Sticks to Snakes
Confirm with . or Enter, or press ? or * to list all spells.
You miscast Blade Hands.
You are very lightly contaminated with residual magic.
The dust glows pulsating red!
You are feeling hungry.
The shadow imp shouts, "Get thee gone, thou bumbling hasty-witted death-token!"
A quokka comes into view.
Casting: Blade Hands
Confirm with . or Enter, or press ? or * to list all spells.
You miscast Blade Hands.
Nothing appears to happen.
The hound skeleton barely misses you.
You climb upwards.
There is a stone staircase leading down here.
Casting: Blade Hands
Confirm with . or Enter, or press ? or * to list all spells.
You turn into a venomous arachnid creature.
The +3 pair of boots of Mowohyoj {rN+} melds into your body.
Your +0 robe melds into your body.
You are feeling very hungry.
Your ball python withers and dies!
A guardian serpent comes into view.
The guardian serpent shouts!
Casting: Spider Form
Confirm with . or Enter, or press ? or * to list all spells.
You create 3 snakes!
You now have 50 arrows.
The guardian serpent closely misses you.
The guardian serpent misses you.
You hit the guardian serpent but do no damage.
The guardian serpent is poisoned.
The guardian serpent barely misses you.
Your adder bites the guardian serpent but does no damage.
You barely miss the guardian serpent.
The guardian serpent closely misses you.
Your adder bites the guardian serpent but does no damage.
You barely miss the guardian serpent. The guardian serpent hits you!
Your ball python bites the guardian serpent but does no damage.
Your adder bites the guardian serpent but does no damage.
The guardian serpent misses you.
You hit the guardian serpent but do no damage.
The guardian serpent looks as sick as possible!
Your ball python completely misses the guardian serpent.
The guardian serpent hits you!!
Your adder bites the guardian serpent but does no damage.
You bite the guardian serpent!
The guardian serpent is moderately wounded.
Your ball python closely misses the guardian serpent.
The guardian serpent completely misses you.
Your adder misses the guardian serpent.
You hit the guardian serpent but do no damage.
The guardian serpent is moderately wounded.
Your ball python bites the guardian serpent.
The guardian serpent hits you!
* * * LOW HITPOINT WARNING * * *
Your adder barely misses the guardian serpent.
You hit the guardian serpent but do no damage.
The guardian serpent is moderately wounded.
The guardian serpent hits you.
* * * LOW HITPOINT WARNING * * *
Your ball python bites the guardian serpent but does no damage.
Your adder misses the guardian serpent.
You hit the guardian serpent but do no damage.
The guardian serpent is moderately wounded.
The guardian serpent hits you but does no damage.
Your ball python barely misses the guardian serpent.
Your adder misses the guardian serpent. The guardian serpent hits you!
* * * LOW HITPOINT WARNING * * *
You hit the guardian serpent but do no damage.
The guardian serpent is moderately wounded.
Your ball python completely misses the guardian serpent.
Your adder bites the guardian serpent.
The guardian serpent casts a spell at you.
The bolt of poison hits you!
You are poisoned.
You die...

## .# ####.# ....#
#...#
#####S##############
#...SsSS........##.#
#.###.###..........###
#.# #.........>.<. #.#
##.##...##.### ..#
#.###.###.# ###
#.###.###.#
#.........#
####...#### ##.....##


You could see a guardian serpent, 2 friendly adders and a friendly ball python.

Vanquished Creatures
  A two-headed ogre (D:10)
  The ghost of tidbits the Martial Artist, a novice DgTm (D:8)
  A centaur zombie (D:10)
  A hornet (D:9)
  2 ice beasts
  A black bear (D:8)
  A sky beast (D:6)
  2 phantoms (D:9)
  4 ogres
  2 centaurs
  2 bullfrogs (D:7)
  3 scorpions
  4 wights (D:9)
  2 electric eels (D:8)
  3 howler monkeys (D:9)
  A bullfrog zombie (D:10)
  2 jellies
  2 hounds
  7 orc priests
  A bullfrog skeleton (D:7)
  An iguana (D:4)
  5 orc wizards
  2 worker ants
  A howler monkey zombie (D:8)
  A worker ant zombie (D:9)
  A gnoll (D:7)
  7 adders
  A shadow imp (D:8)
  An ooze (D:2)
  2 adder skeletons
  A worm (D:3)
  A dart slug (D:1)
  3 leopard geckos
  30 orcs
  7 bats
  2 giant cockroaches
  7 goblins
  4 hobgoblins
  3 jackals (D:6)
  6 kobolds
  3 quokkas
  3 frilled lizards
  A giant cockroach zombie (D:6)
  6 rats
142 creatures vanquished.

Vanquished Creatures (collateral kills)
  2 two-headed ogres (D:8)
  A black bear (D:8)
  A necrophage (D:7)
  2 centaurs
  A crimson imp (D:9)
  A centaur skeleton (D:6)
  An orc wizard (D:6)
  A killer bee zombie (D:7)
  A leopard gecko (D:1)
  2 goblins (D:1)
  A bat (D:2)
  A kobold (D:1)
  A rat (D:1)
16 creatures vanquished.

Grand Total: 158 creatures vanquished

Notes
Turn   | Place    | Note
-------+----------+-------------------------------------------
     0 | D:1      | tidbits the Demigod Transmuter began the quest for the Orb.
     0 | D:1      | Reached XP level 1. HP: 15/15 MP: 5/5
    39 | D:1      | Reached skill level 3 in Unarmed Combat
   138 | D:1      | Reached XP level 2. HP: 15/22 MP: 5/7
   142 | D:1      | Learned a level 2 spell: Sticks to Snakes
   559 | D:2      | Reached XP level 3. HP: 22/27 MP: 1/8
   627 | D:2      | Reached skill level 2 in Spellcasting
   679 | D:2      | Learned a level 3 spell: Spider Form
   701 | D:2      | Reached skill level 4 in Unarmed Combat
   820 | D:2      | Reached skill level 2 in Transmutations
  1070 | D:3      | Reached XP level 4. HP: 34/34 MP: 3/9
  1434 | D:5      | Entered Level 5 of the Dungeon
  1497 | D:5      | Reached XP level 5. HP: 37/39 MP: 2/10
  1591 | D:5      | Reached skill level 5 in Unarmed Combat
  1591 | D:5      | Reached skill level 3 in Transmutations
  1655 | D:5      | Found an iron altar of Okawaru.
  1776 | D:5      | Got a shimmering ring mail
  1787 | D:5      | Identified the +5 ring mail "Extug" {rC+++ rCorr MP-9 Int+7} (You found it on level 5 of the Dungeon)
  1832 | D:4      | Got a pair of transparent boots
  1844 | D:4      | Identified the +3 pair of boots of Mowohyoj {rN+} (You found it on level 4 of the Dungeon)
  2056 | D:5      | Reached XP level 6. HP: 26/46 MP: 1/12
  2118 | D:6      | Found a radiant altar of Vehumet.
  2301 | D:6      | Found a staircase to the Ecumenical Temple.
  2347 | D:6      | Reached skill level 6 in Unarmed Combat
  2358 | D:6      | Found Hysk's Antique Weapon Boutique.
  2472 | D:7      | Reached XP level 7. HP: 51/51 MP: 11/14
  2530 | D:6      | Reached skill level 4 in Transmutations
  2610 | D:7      | Reached skill level 7 in Unarmed Combat
  2660 | D:7      | Learned a level 5 spell: Blade Hands
  2933 | D:8      | Noticed a two-headed ogre
  2958 | D:8      | Killed a two-headed ogre
  2958 | D:8      | Reached skill level 8 in Unarmed Combat
  2958 | D:8      | Reached skill level 5 in Transmutations
  2958 | D:8      | Reached XP level 8. HP: 18/58 MP: 2/15
  3112 | D:7      | Reached skill level 9 in Unarmed Combat
  3112 | D:7      | Reached skill level 6 in Transmutations
  3244 | D:8      | Found a burning altar of Makhleb.
  3246 | D:8      | Noticed a cacodemon
  3247 | D:8      | Found a glowing silver altar of Zin.
  3248 | D:8      | Noticed an angel
  3341 | D:8      | Noticed tidbits's ghost (novice DgTm)
  3356 | D:8      | Killed tidbits's ghost
  3356 | D:8      | Reached XP level 9. HP: 58/62 MP: 3/16
  3516 | D:9      | Reached skill level 10 in Unarmed Combat
  3577 | D:9      | Reached skill level 1 in Fighting
  3670 | D:9      | Reached skill level 7 in Transmutations
  3736 | D:8      | Reached skill level 2 in Fighting
  3817 | D:8      | Noticed a two-headed ogre
  3832 | D:8      | Killed a two-headed ogre
  3832 | D:8      | Reached skill level 3 in Fighting
  3919 | D:9      | Found a hide-covered altar of Uskayaw.
  4021 | D:9      | Reached skill level 4 in Fighting
  4021 | D:9      | Reached skill level 8 in Transmutations
  4046 | D:9      | Found a shattered altar of Ashenzari.
  4128 | D:10     | Entered Level 10 of the Dungeon
  4170 | D:10     | Noticed a two-headed ogre
  4179 | D:10     | Killed a two-headed ogre
  4179 | D:10     | Reached XP level 10. HP: 79/79 MP: 8/17
  4215 | D:10     | Reached skill level 5 in Fighting
  4239 | D:10     | Noticed a guardian serpent
  4250 | D:10     | Killed from afar by a guardian serpent

Skill      XL: |  1  2  3  4  5  6  7  8  9 10 |
---------------+-------------------------------+-----
Unarmed Combat | 3 4 5 6 8 9 10 | 10.0
Spellcasting   | 2 |  2.8
Transmutations | 2 3 5 6 8 |  8.6
Fighting       | 4 5 |  5.1
Dodging        | |  1.7

Action                   |  1- 3 |  4- 6 |  7- 9 | 10-12 || total
-------------------------+-------+-------+-------+-------++-------
Melee: Unarmed           |   100 |   153 |   180 |    19 ||   452
       Headbutt          |     7 |       |       |       ||     7
       Kick              |     7 |     1 |       |       ||     8
       Punch             |     4 |     1 |     1 |       ||     6
 Cast: Beastly Appendage |    20 |     1 |       |       ||    21
       Sticks to Snakes  |    12 |    13 |    38 |     1 ||    64
       Spider Form       |     6 |    20 |    30 |     1 ||    57
       Blade Hands       |       |       |     1 |       ||     1
  Use: Scroll            |     3 |     3 |     3 |       ||     9
       Potion            |       |       |     2 |       ||     2
 Stab: Sleeping          |     3 |     1 |     1 |       ||     5
       Distracted        |       |     2 |     5 |       ||     7
  Eat: Chunk             |     2 |     4 |     8 |       ||    14
       Meat ration       |       |     1 |       |       ||     1
       Royal jelly       |       |       |     1 |       ||     1
Armor: Robe              |    14 |     8 |     1 |     2 ||    25
       Skin              |     1 |     4 |     2 |     1 ||     8
Dodge: Dodged            |    48 |    94 |   128 |     9 ||   279

Table legend:
 A = Turns spent in this place as a percentage of turns spent in the entire game.
 B = Non-inter-level travel turns spent in this place as a percentage of non-inter-level travel turns spent in the entire game.
 C = Inter-level travel turns spent in this place as a percentage of turns spent in this place.
 D = Turns resting spent in this place as a percentage of non-inter-level travel turns spent in this place.
 E = Turns spent auto-exploring this place as a percentage of non-inter-level travel turns spent in this place.
 F = Non-inter-level travel turns spent in this place divided by the number of levels of this place that you've seen.
                   A       B       C       D       E      F
               +-------+-------+-------+-------+-------+----------------------
         Total | 100.0 | 100.0 |   0.1 |   0.1 |   0.0 | 362.0
       Dungeon | 100.0 | 100.0 |   0.1 |   0.1 |   0.0 | 362.0
               +-------+-------+-------+-------+-------+----------------------

Table legend:
 A = Kills in this place as a percentage of kills in entire the game.
 B = Kills by you in this place as a percentage of kills by you in the entire game.
 C = Kills by friends in this place as a percentage of kills by friends in the entire game.
 D = Other kills in this place as a percentage of other kills in the entire game.
 E = Experience gained in this place as a percentage of experience gained in the entire game.
 F = Experience gained in this place divided by the number of levels of this place that you have seen.
                   A       B       C       D       E      F
               +-------+-------+-------+-------+-------+----------------------
         Total | 100.0 | 100.0 | 100.0 |  -nan | 100.0 | 652.5
       Dungeon | 100.0 | 100.0 | 100.0 |  -nan | 100.0 | 652.5
               +-------+-------+-------+-------+-------+----------------------

Vault maps used:
D:1:      minmay_arrival_stone_box
D:2:      uniq_crazy_yiuf_cottage
D:3:      st_stairs_4
D:4:      nicolae_zen_rock_garden, small_statue_intersection
D:5:      nicolae_overflow_crystal_walls, first_bread
D:6:      vehumet_altar_wand_db, nicolae_qazlal_eye_of_the_storm,
          temple_fountains, serial_shops, shop, okawaru_metal_pillars_3
D:8:      grunt_temple_overflow_order_and_chaos_2, serial_bayou,
          serial_bayou_shore_b, serial_bayou_pond_e, serial_bayou_pond_c,
          serial_bayou_pond_d
D:9:      tgw_sif, kennysheep_little_box, kennysheep_mini_moat, grunt_ogre_cave
D:10:     nrook_guardian_serpent_snake_passage
D:11:     lair_entry_dummy, orc_0_dummy, minmay_ruined_shrine
